Map: Abiogenesis LE

Players

Bunny

  • Race: Terran Terran
  • Spawn Location: 11:00

Zest - Winner!

  • Race: Protoss Protoss
  • Spawn Location: 5:00

Event: IEM Season 12 - Katowice

VOD

Have the link to the VOD?

Description

Time

  • Played on: Feb. 27, 2018, 5:21 a.m.
  • Length: 11:00

All games in this series

Show
View Real Time Build Order
Export as new Build Order

Bunny Terran 

Build Orders: Reaper Expand, MMM Bio 

Get SALT Encoding   

  12  0:00  SCV  
  13  0:12  SCV  
  14  0:17  Supply Depot  
  14  0:24  SCV  
  15  0:38  SCV  
  15  0:41  Barracks  
  16  0:44  Refinery  
  16  0:51  SCV  
  17  1:03  SCV  
  18  1:15  SCV  
  19  1:27  Orbital Command  
  19  1:28  Reaper  
  20  1:40  Command Center  
  20  1:49  Supply Depot  
  20  1:53  SCV  
  21  2:00  Barracks Reactor  
  21  2:05  SCV  
  22  2:18  Command Center  
  22  2:21  SCV  
  23  2:29  Bunker  
  23  2:33  SCV  
  23  2:35  Bunker  
  23  2:36  Marine x2  
  25  2:45  SCV  
  26  2:54  Marine x2  
  26  2:57  SCV  
  29  3:03  Orbital Command  
  29  3:14  Barracks  
  29  3:15  Marine  
  30  3:22  Marine  
  30  3:23  SCV  
  32  3:29  SCV  
  33  3:35  SCV, Orbital Command  
  34  3:41  SCV  
  34  3:44  Marine x2  
  34  3:47  SCV  
  37  3:54  SCV  
  37  3:55  Barracks  
  38  4:00  SCV  
  38  4:01  Barracks Tech Lab  
  38  4:02  Marine x2  
  40  4:04  SCV  
  40  4:06  SCV  
  43  4:10  Engineering Bay  
  43  4:12  SCV, Factory  
  43  4:16  Refinery  
  44  4:17  SCV, Refinery  
  44  4:19  SCV  
  44  4:23  Stimpack  
  44  4:24  SCV  
  47  4:26  Marine x2  
  47  4:28  Marine  
  47  4:30  SCV  
  47  4:31  SCV  
  52  4:36  SCV  
  53  4:40  Terran Infantry Weapons Level 1  
  53  4:44  SCV x2, Marine x2  
  57  4:46  Marauder  
  57  4:47  Barracks Tech Lab  
  57  4:50  Missile Turret  
  59  4:56  Barracks  
  59  4:58  Starport, Factory Reactor  
  59  5:05  Barracks  
  59  5:06  Marine x2  
  61  5:17  Supply Depot x2  
  61  5:19  Supply Depot  
  61  5:22  Orbital Command  
  61  5:23  Refinery  
  61  5:28  Supply Depot  
  61  5:31  SCV  
  61  5:34  Combat Shields  
  61  5:36  Orbital Command, Marine  
  61  5:38  SCV, Marine x3  
  65  5:44  SCV, Factory Reactor  
  65  5:46  Medivac x2  
  70  5:50  SCV  
  70  5:53  Barracks Reactor, Barracks Tech Lab  
  70  5:55  Marauder  
  70  5:56  Marauder  
  75  5:57  Marine x2  
  75  6:02  SCV x2  
  75  6:13  Marauder, Concussive Shells  
  75  6:14  Supply Depot  
  75  6:16  Marauder  
  75  6:18  Marine, Marauder  
  82  6:22  Marine  
  83  6:27  Medivac  
  83  6:28  SCV x3  
  83  6:30  Refinery  
  83  6:32  Marine  
  85  6:35  Marauder  
  85  6:36  Marine  
  85  6:37  Marauder  
  85  6:39  Marauder  
  89  6:40  SCV x3, Medivac  
  89  6:41  Marine  
  89  6:42  Marine  
  89  6:46  Supply Depot  
  96  6:49  Widow Mine x2, Marine  
  101  6:55  Bunker  
  101  6:56  Marine  
  101  6:58  Marine  
  101  7:08  Marine x2, Medivac, Marauder x2  
  109  7:11  Supply Depot x3  
  107  7:17  Marauder  
  107  7:21  Marine  
  107  7:22  Marine  
  99  7:24  Widow Mine x2  
  99  7:29  Supply Depot  
  103  7:30  Marauder x2  
  103  7:34  Medivac  
  103  7:36  Marine x2  
  105  7:38  Marauder  
  105  7:43  Marine x2  
  109  7:46  Supply Depot x2, Liberator  
  108  7:51  Marauder x2  
  108  7:54  Marine x2  
  108  7:57  Widow Mine  
  108  7:58  Widow Mine  
  107  7:59  Marauder  
  107  8:00  Supply Depot  
  107  8:04  Marine x2  
  114  8:12  Marine x2, Marauder  
  115  8:15  Marauder  
  108  8:20  Widow Mine x2  
  108  8:21  Marauder  
  108  8:22  Marine x2  
  96  8:27  Orbital Command  
  96  8:29  Marine x2  
  95  8:34  Marauder  
  95  8:37  SCV x2, Marauder  
  95  8:39  Marine  
  95  8:40  Marine  
  96  8:42  Marauder  
  96  8:44  Medivac  
  96  8:47  Marine x2  
  102  8:50  Orbital Command  
  102  8:54  Medivac  
  102  8:55  Marauder  
  102  8:57  Marine x2  
  102  8:58  Marine  
  105  9:03  Marine  
  105  9:05  Widow Mine x2, Marine x2  
  112  9:15  Marine x2  
  112  9:16  Marauder  
  112  9:17  Marauder  
  115  9:24  Marine x2  
  115  9:29  Medivac  
  115  9:30  Medivac  
  116  9:33  Widow Mine  
  116  9:37  Marine x2  
  116  9:38  Marine x2  
  119  9:40  Marine  
  119  9:43  Orbital Command  
  121  9:46  Marine x2  
  117  9:54  Marine x2  
  117  9:57  Marine  
  106  10:14  Marauder x2  
  106  10:15  Marine x2  
  106  10:17  Marine x2  
  95  10:33  Marine x2  
  95  10:34  Marine  
  95  10:35  Marine x3  
Show
View Real Time Build Order
Export as new Build Order

Zest Protoss - Winner!

Build Orders: Blink Stalkers 

Get SALT Encoding   

  12  0:00  Probe  
  13  0:12  Probe  
  14  0:17  Pylon  
  14  0:25  Probe (Chrono Boost)  
  16  0:37  Probe (Chrono Boost), Gateway  
  16  0:43  Probe (Chrono Boost)  
  16  0:46  Assimilator  
  17  0:51  Probe  
  18  1:03  Probe  
  19  1:07  Pylon  
  19  1:15  Probe  
  20  1:24  Zealot, Cybernetics Core  
  22  1:48  Nexus  
  22  1:50  Probe  
  23  1:57  Stalker (Chrono Boost)  
  25  2:01  Warp Gate  
  25  2:06  Assimilator  
  25  2:09  Probe  
  26  2:18  Stalker (Chrono Boost)  
  26  2:22  Probe  
  29  2:40  Stalker  
  29  2:42  Probe  
  30  2:55  Probe (Chrono Boost), Twilight Council  
  31  3:03  Probe (Chrono Boost)  
  32  3:07  Probe (Chrono Boost)  
  34  3:15  Probe (Chrono Boost)  
  34  3:16  Probe (Chrono Boost)  
  35  3:21  Probe  
  35  3:24  Probe  
  37  3:34  Probe  
  38  3:36  Probe  
  39  3:41  Blink (Chrono Boost)  
  39  3:45  Gateway x2  
  39  3:46  Probe  
  39  3:48  Probe  
  41  3:52  Pylon  
  41  3:58  Probe  
  41  4:00  Probe  
  43  4:06  Robotics Facility  
  43  4:07  Pylon  
  43  4:10  Probe  
  43  4:12  Stalker  
  43  4:13  Probe  
  47  4:22  Probe  
  48  4:25  Probe  
  49  4:32  Nexus  
  49  4:35  Probe  
  49  4:37  Probe  
  51  4:40  Assimilator  
  51  4:45  Stalker x2  
  51  4:46  Stalker  
  57  4:53  Observer (Chrono Boost)  
  58  5:00  Forge  
  58  5:01  Forge  
  58  5:02  Pylon  
  58  5:03  Probe x2  
  60  5:09  Observer  
  61  5:19  Gateway  
  61  5:20  Gateway  
  61  5:22  Charge (Chrono Boost), Gateway  
  61  5:30  Gateway  
  61  5:31  Gateway  
  61  5:42  Sentry  
  61  5:43  Protoss Ground Weapons Level 1 (Chrono Boost), Protoss Ground Armor Level 1 (Chrono Boost)  
  61  5:47  Immortal  
  67  5:51  Pylon  
  66  5:57  Stalker  
  66  5:58  Zealot  
  68  6:17  Observer  
  68  6:18  Zealot, Sentry x2  
  70  6:19  Zealot x2  
  70  6:25  Probe x3, Pylon  
  80  6:26  Warp Prism (Chrono Boost)  
  80  6:27  Pylon  
  82  6:45  Zealot x6  
  93  7:05  Stalker x5  
  93  7:24  Pylon  
  93  7:45  Nexus  
  93  7:48  Pylon  
  87  7:59  Sentry x3  
  87  8:00  Stalker x4  
  87  8:03  Pylon  
  89  8:23  Observer  
  89  8:25  Stalker x3  
  89  8:26  Stalker x2  
  85  8:39  Probe x2  
  85  8:48  Observer  
  85  8:51  Protoss Ground Armor Level 2 (Chrono Boost)  
  85  8:55  Zealot x8  
  99  8:59  Protoss Ground Weapons Level 2 (Chrono Boost)  
  101  9:05  Probe  
  101  9:06  Probe x2  
  104  9:11  Immortal  
  108  9:18  Stalker  
  108  9:19  Zealot x3  
  112  9:26  Probe x2  
  112  9:27  Probe  
  113  9:38  Pylon  
  113  9:47  Zealot x4  
  113  9:48  Zealot x4  
  125  10:11  Sentry x3  
  125  10:14  Zealot x5  
  106  10:37  Zealot x5  
  106  10:38  Zealot x3  

Tags
 
Add a new tag
Caveats
  • Supply blocks, unpowered buildings, or Contaminate may cause inaccurate times.
  • Supply counts are checked every 10 seconds.